 Dungeon Crawl Stone Soup version 0.26-a0-689-gc93c913f66 (webtiles) character file.

Game seed: 8396918128049998325

10764 ICC the Slicer (level 11, 0/53 HPs)
             Began as a Vine Stalker Wanderer on Oct 23, 2020.
             Was a Priest of Wu Jian.
             Slain by a flying skull (6 damage)
             ... in a Gauntlet.
             The game lasted 00:40:37 (7936 turns).

ICC the Slicer (Vine Stalker Wanderer)              Turns: 7936, Time: 00:40:38

Health: 0/53       AC: 14    Str: 19    XL:     11   Next: 67%
Magic:  0/19       EV:  8    Int: 16    God:    Wu Jian [***...]
Gold:   624        SH: 13    Dex: 22    Spells: 18/20 levels left

rFire    + . .     SeeInvis +   e - +10 war axe "Laijon" {drain, rElec rPois rN+ Dex+4}
rCold    . . .     Faith    .   T - +2 kite shield
rNeg     + + .     Spirit   +   M - +0 chain mail {rPois}
rPois    +         Reflect  .   (no helmet)
rElec    +         Harm     .   c - +0 cloak
rCorr    .         Rampage  .   L - +2 pair of gloves
MR       +....     NoTele   +   (no boots)
Stlth    ..........             K - amulet of the acrobat
HPRegen  0.57/turn              o - +6 ring of dexterity
MPRegen  0.16/turn              F - ring of Gaokh {rF+ rN+ Str+3 SInv}

@: hasted, very quick
A: fangs 3, regeneration 1, magic shield, antimagic bite, no potion heal 3, rot
immunity
a: Wall Jump, Serpent's Lash, Renounce Religion


You were in a Gauntlet.
You worshipped Wu Jian.
Wu Jian was most pleased with you.
You visited 2 branches of the dungeon, and saw 13 of its levels.
You also visited: Gauntlet.

You collected 624 gold pieces.

Inventory:

Hand Weapons
 e - the +10 war axe "Laijon" (weapon) {drain, rElec rPois rN+ Dex+4}
   (You found it on level 7 of the Dungeon)

   A truly terrible weapon, it drains the life of those it strikes.
   It affects your dexterity (+4).
   It insulates you from electricity.
   It protects you from poison.
   It protects you from negative energy.
 q - the +7 trident of Annihilation {freeze, *Corrode rElec Int+4}
   (You found it on level 4 of the Dungeon)

   It has been specially enchanted to freeze those struck by it, causing extra
   injury to most foes and up to half again as much damage against particularly
   susceptible opponents.
   It can also slow down cold-blooded creatures.
   It affects your intelligence (+4).
   It insulates you from electricity.
   It may corrode you when you take damage.
 s - a +0 short sword of speed
Missiles
 d - 5 javelins (quivered)
 B - 7 silver javelins
 O - a throwing net
Armour
 c - a +0 cloak (worn)
 L - a +2 pair of gloves (worn)
 M - a +0 chain mail of poison resistance (worn)
 T - a +2 kite shield (worn)
Jewellery
 a - an uncursed ring of protection from cold
 m - an uncursed ring of fire
 o - a +6 ring of dexterity (left hand)
 v - an uncursed ring of ice
 F - the ring of Gaokh (right hand) {rF+ rN+ Str+3 SInv}
   (You acquired it on level 11 of the Dungeon)

   [ring of positive energy]

   It affects your strength (+3).
   It protects you from fire.
   It protects you from negative energy.
   It lets you see invisible.
 K - an amulet of the acrobat (around neck)
Wands
 J - a wand of enslavement (4)
 R - a wand of acid (10)
Scrolls
 i - 2 scrolls of blinking {unknown}
 j - 3 scrolls of enchant armour {unknown}
 l - 7 scrolls of remove curse
 y - 2 scrolls of fog {unknown}
 A - 3 scrolls of enchant weapon {unknown}
 C - 3 scrolls of noise {unknown}
 E - a scroll of immolation
 H - 3 scrolls of teleportation {unknown}
Potions
 b - a potion of haste
 g - 2 potions of flight
 k - 7 potions of curing {unknown}
 p - 2 potions of brilliance
 z - 3 potions of mutation
 D - a potion of berserk rage
 Q - a potion of magic
 S - 2 potions of resistance


   Skills:
 + Level 4.1 Fighting
 - Level 12.0 Short Blades
 - Level 1.0 Throwing
 * Level 5.5 Armour
 + Level 3.7 Dodging
 - Level 1.2 Stealth
 * Level 5.4 Shields
 + Level 5.2 Spellcasting
 - Level 4.0 Necromancy
   Level 2.0 Poison Magic


You had 18 spell levels left.
You knew the following spells:

 Your Spells              Type           Power        Failure   Level
a - Pain                  Necr           ###.         71%         1
p - Apportation           Tloc           #.....       99%         1

Your spell library contained the following spells:

 Spells                   Type           Power        Failure   Level
 Animate Skeleton         Necr           ###...       71%         1
 Vampiric Draining        Necr           ###.......   97%         3
 Corona                   Hex            #......      99%         1
 Summon Small Mammal      Summ           #...         99%         1
 Ensorcelled Hibernation  Hex/Ice        #.....       100%        2
 Slow                     Hex            #.......     100%        2
 Animate Dead             Necr           ###.......   100%        4
 Agony                    Necr           ###.....     100%        5
 Bolt of Magma            Conj/Fire/Erth #.........   100%        5
 Iskenderun's Battlesphe  Conj           #.......     100%        5
 Iron Shot                Conj/Erth      #.........   100%        6
 Orb of Destruction       Conj           #.........   100%        7
 Spellforged Servitor     Conj/Summ      #.........   100%        7


Dungeon Overview and Level Annotations

Branches:
Dungeon (12/15)            Temple (1/1) D:5            Lair (0/6) D:9
    Orc (0/2) D:9         Gauntlet (1/1)

Altars:
Ashenzari
Cheibriados
Dithmenos
Elyvilon
Fedhas
Gozag
Hepliaklqana
Kikubaaqudgha
Makhleb
Nemelex Xobeh
Okawaru
Qazlal
Ru
Sif Muna
Trog
Uskayaw
Vehumet
Wu Jian
Xom
Yredelemnul
Zin
The Shining One

Shops:
D:7 *[   D:11 [

Annotations:
D:11 exclusion: oklob plant Gauntlet 11 transporters


Innate Abilities, Weirdness & Mutations

You have razor-sharp teeth.
Your natural rate of healing is unusually fast.
When hurt, damage is shared between your health and your magic reserves.
Your bite disrupts and absorbs the magic of your enemies.
Potions cannot restore your health.
You are immune to rotting.


Message History

The flying skull barely misses you.
The flying skull hits you but does no damage.
As you read the scroll of fear, it crumbles to dust.
You assume a fearsome visage.
The flying skull is unaffected. x14
The flying skull barely misses you. You block the flying skull's attack. x3
The flying skull hits you but does no damage. x2
The flying skull closely misses you. The flying skull hits you!
* * * LOW HITPOINT WARNING * * *
You slash the flying skull! Your bite misses the flying skull.
The flying skull is severely damaged.
You hit the flying skull.
You hit the flying skull but do no damage.
You hit the flying skull. You miss the flying skull.
You closely miss the flying skull. You hit the flying skull.
You miss the flying skull. You block the flying skull's attack.
The flying skull hits you but does no damage. x2
You block the flying skull's attack. The flying skull barely misses you.
The flying skull closely misses you. You block the flying skull's attack.
The flying skull barely misses you. The flying skull hits you!
You die...

.........≈.............≈#
........≈8§........∩...∩#
.........§.............≈#8#
########...###########..###
##^.####...#.........#..#
..##.#.#...#.........#..###
....##.#####?...zz...#..#8
##©.#.##...#}..zzzz..#..###
####.###©.©#©..z@zz..#©.#
#.#.#..#...#[..zzz...#..###
#J#.#.######!...zz...#..#8#
JJ##.#.#...#.........#..###
#J####.#.8.#.........#..#
########...###########..###
........................#8#
.......................≈###
#########################


You could see 14 flying skulls.

Vanquished Creatures
  2 hydras (D:11)
  An unseen horror (D:11)
  A manticore (D:10)
  A troll (D:12)
  A flying skull (Gauntlet)
  6 wraiths
  4 yaks (D:11)
  4 wyverns
  Duvessa (D:5)
  A water moccasin (D:9)
  3 orc warriors
  2 sky beasts
  2 phantoms
  An eye of draining (D:11)
  3 ice beasts
  2 necrophages
  13 ogres
  4 centaurs
  Blork the orc (D:5)
  2 big kobolds
  6 bullfrogs
  2 gnoll sergeants
  2 scorpions
  Dowan (D:5)
  7 wights
  4 howler monkeys
  4 crimson imps (D:3)
  A bullfrog zombie (D:10)
  10 hounds
  8 orc priests
  10 orc wizards
  2 centaur skeletons
  A centaur zombie (D:5)
  2 jellies
  Jessica (D:2)
  An iguana (D:9)
  9 worker ants
  2 hound zombies
  A hound skeleton (D:6)
  A worker ant zombie (D:7)
  8 adders
  7 gnolls
  2 white imps
  2 ufetubi (D:5)
  An ooze (D:2)
  A worm (D:3)
  A dart slug (D:1)
  3 leopard geckos
  46 orcs
  A ball python (D:2)
  A giant cockroach (D:3)
  7 hobgoblins
  13 jackals
  4 quokkas
  A ball python zombie (D:5)
  8 bats
  9 frilled lizards
  8 goblins
  A jackal zombie (D:5)
  25 kobolds
  A leopard gecko zombie (D:5)
  A quokka zombie (D:5)
  11 rats
292 creatures vanquished.

Vanquished Creatures (others)
  9 plants
9 creatures vanquished.

Grand Total: 301 creatures vanquished

Notes
Turn   | Place    | Note
-------+----------+-------------------------------------------
     0 | D:1      | ICC the Vine Stalker Wanderer began the quest for the Orb.
     0 | D:1      | ICC set off with the following items: a +0 club, a +0 robe;
                  | and the following spells available to memorise: Animate
                  | Skeleton, Pain, Vampiric Draining, Ensorcelled Hibernation,
                  | Slow, Animate Dead, Agony
     0 | D:1      | Reached XP level 1. HP: 9/9 MP: 4/4
     2 | D:1      | Learned a level 1 spell: Pain
   123 | D:1      | Reached XP level 2. HP: 5/13 MP: 4/6
   182 | D:1      | Reached skill level 1 in Short Blades
   405 | D:1      | Reached XP level 3. HP: 11/16 MP: 7/7
   422 | D:1      | Reached skill level 2 in Short Blades
   483 | D:2      | Found a broken altar of Ashenzari.
   485 | D:2      | Noticed Jessica
   498 | D:2      | Killed Jessica
   576 | D:2      | Gained mutation: Your natural rate of healing is unusually
                  | fast. [Vine Stalker growth]
   576 | D:2      | Reached XP level 4. HP: 17/21 MP: 8/8
   625 | D:2      | Noticed a bullfrog
   633 | D:2      | Killed a bullfrog
   633 | D:2      | Reached skill level 3 in Short Blades
   633 | D:2      | Reached XP level 5. HP: 24/24 MP: 9/9
   699 | D:2      | Found an iron altar of Okawaru.
   700 | D:2      | You fall into a shaft and drop 2 floors!
   700 | D:4      | Noticed an ogre
   708 | D:4      | Reached skill level 4 in Short Blades
   716 | D:4      | Killed an ogre
   716 | D:4      | Reached XP level 6. HP: 28/28 MP: 10/10
   840 | D:4      | Reached skill level 5 in Short Blades
   865 | D:4      | Got an ivory trident
   865 | D:4      | Identified the +7 trident of Annihilation {freeze, *Corrode
                  | rElec Int+4} (You found it on level 4 of the Dungeon)
  1031 | D:4      | Reached skill level 1 in Armour
  1031 | D:4      | Reached XP level 7. HP: 32/32 MP: 11/11
  1056 | D:4      | Found a bloodstained altar of Trog.
  1124 | D:4      | Reached skill level 1 in Fighting
  1199 | D:5      | Entered Level 5 of the Dungeon
  1236 | D:5      | Reached skill level 1 in Dodging
  1475 | D:5      | Noticed Dowan
  1488 | D:5      | Killed Dowan
  1497 | D:5      | Noticed Duvessa
  1516 | D:5      | Gained mutation: You have razor-sharp teeth. [Vine Stalker
                  | growth]
  1516 | D:5      | Reached XP level 8. HP: 25/39 MP: 7/14
  1544 | D:5      | Killed Duvessa
  1561 | D:5      | Noticed Blork the orc
  1567 | D:5      | Killed Blork the orc
  1627 | D:5      | Found a staircase to the Ecumenical Temple.
  1632 | Temple   | Entered the Ecumenical Temple
  2481 | D:3      | Found a shimmering altar of Xom.
  3356 | D:2      | Learned a level 1 spell: Apportation
  3737 | D:6      | Reached XP level 9. HP: 39/44 MP: 14/16
  3919 | D:6      | Reached skill level 5 in Armour
  3978 | D:6      | Found a radiant altar of Vehumet.
  4324 | D:7      | Found Estrycus's Armour Emporium.
  4343 | D:7      | Reached skill level 5 in Spellcasting
  4468 | D:7      | Got a warped war axe
  4468 | D:7      | Identified the +10 war axe "Laijon" {drain, rElec rPois rN+
                  | Dex+4} (You found it on level 7 of the Dungeon)
  4504 | D:7      | Found Bigextul's Serpentskin Sales.
  4509 | D:7      | Reached skill level 6 in Short Blades
  4965 | D:8      | Found an ornate altar of the Wu Jian Council.
  4968 | D:8      | Became a worshipper of the Wu Jian Council
  5017 | D:8      | Reached skill level 7 in Short Blades
  5064 | D:8      | Found the +5 scythe "Finisher" {speed, eviscerate}
  5117 | D:8      | Reached skill level 8 in Short Blades
  5117 | D:8      | Reached XP level 10. HP: 7/49 MP: 9/18
  5291 | D:8      | Found a glowing silver altar of Zin.
  5443 | D:9      | Found a staircase to the Lair.
  5558 | D:9      | Reached skill level 9 in Short Blades
  5564 | D:9      | Reached * piety under Wu Jian
  5586 | D:9      | Found a shimmering blue altar of Sif Muna.
  5610 | D:9      | Found a staircase to the Orcish Mines.
  5973 | D:9      | Found a glowing golden altar of the Shining One.
  6072 | D:9      | Reached skill level 10 in Short Blades
  6118 | D:10     | Entered Level 10 of the Dungeon
  6369 | D:10     | Reached ** piety under Wu Jian
  6386 | D:10     | Noticed a manticore
  6397 | D:10     | Killed a manticore
  6412 | D:10     | Reached skill level 11 in Short Blades
  6615 | D:10     | Reached XP level 11. HP: 51/53 MP: 19/19
  6654 | D:10     | You fall into a shaft and drop 1 floor!
  6742 | D:11     | Found a blossoming altar of Fedhas.
  6760 | D:11     | Noticed an oklob plant
  6808 | D:11     | Noticed a six-headed hydra
  6814 | D:11     | Noticed a four-headed hydra
  6819 | D:11     | Killed a six-headed hydra
  6819 | D:11     | Reached skill level 1 in Shields
  6831 | D:11     | Killed a four-headed hydra
  6831 | D:11     | Reached skill level 12 in Short Blades
  6848 | D:11     | Identified a scroll of acquirement
  6849 | D:11     | Acquired the ring of Gaokh {rF+ rN+ Str+3 SInv}
  7012 | D:11     | Found Ihan's Antique Armour Shoppe.
  7344 | D:11     | Noticed an unseen horror
  7349 | D:11     | Killed an unseen horror
  7678 | D:12     | Reached skill level 5 in Shields
  7742 | D:12     | Found a gate leading to a gauntlet.
  7746 | D:12     | Reached *** piety under Wu Jian
  7764 | Gauntlet | Entered a Gauntlet
  7764 | Gauntlet | Found a transporter.
  7764 | Gauntlet | Found a transporter.
  7764 | Gauntlet | Found a transporter.
  7764 | Gauntlet | Found a transporter.
  7773 | Gauntlet | Found a transporter.
  7780 | Gauntlet | Noticed a moth of wrath
  7783 | Gauntlet | Found a transporter.
  7798 | Gauntlet | Found a transporter.
  7800 | Gauntlet | Noticed a tengu warrior
  7810 | Gauntlet | Found a transporter.
  7823 | Gauntlet | Found a transporter.
  7829 | Gauntlet | Found a transporter.
  7843 | Gauntlet | Found a transporter.
  7845 | Gauntlet | Noticed a death ooze
  7849 | Gauntlet | Found a transporter.
  7936 | Gauntlet | Slain by a flying skull

Illustrated notes

Levels and vault maps discovered:
D:1:      sevenhm_arrival_forest_fort_small_6, layout_basic, serial_bayou_pond_d
D:2:      layout_loops_cross, old_standard_altar, evilmike_ruin_ashenzari,
          serial_bayou_crossing, uniq_jessica
D:3:      layout_rooms, led_xom_imps, lexackson_kobold_supper
D:4:      layout_rooms, lightli_temple_of_fire
D:5:      layout_cave_pods, minmay_temple_entry_wispy,
          minmay_fractal_squares_gapless_5, uniq_blork_the_orc, uniq_duvessa
D:6:      layout_gridville, vehumet_crystals
D:7:      layout_rooms, serial_shops, nicolae_shop_statue_plus,
          guppyfry_shop_venom
D:8:      layout_cave_pools, kennysheep_mini_moat,
          nicolae_overflow_crystal_walls, minmay_guarded_unrand_finisher
D:9:      layout_basic, tso_altar, lemuel_round_altar, dpeg_oklobed_lair,
          orc_0_dummy
D:10:     layout_irregular_city
D:11:     layout_layer_cave, serial_shops, shop_fountains, tgw_fedhas
D:12:     layout_roguey, gauntlet_entry_generic, uniq_frances, uniq_kirke
Temple:   oiseaux_autumnal_temple
Gauntlet: gammafunk_gauntlet_shortcut [gammafunk_gauntlet_arena_open,
          gammafunk_gauntlet_arena_mazey, gammafunk_gauntlet_arena_crates,
          gammafunk_gauntlet_arena_split_diamond, nicolae_gauntlet_swirl,
          nicolae_gauntlet_arena_grate_2, gauntlet_exit_spiral]

Skill      XL: |  1  2  3  4  5  6  7  8  9 10 11 |
---------------+----------------------------------+-----
Short Blades   | 1 2 3 4 5 8 11 12 | 12.0
Armour         | 1 3 4 5 |  5.5
Fighting       | 2 3 4 |  4.1
Dodging        | 1 3 |  3.7
Spellcasting   | 3 4 5 |  5.2
Shields        | 5 |  5.4
Throwing       | |  1.0
Stealth        | |  1.2
Necromancy     | |  4.0
Poison Magic   | |  2.0

Action                   |  1- 3 |  4- 6 |  7- 9 | 10-12 || total
-------------------------+-------+-------+-------+-------++-------
Melee: Club              |     6 |       |       |       ||     6
       Dagger            |    46 |    38 |       |       ||    84
       Bite              |     5 |    13 |    70 |   108 ||   196
       Short sword       |     2 |     4 |    29 |    39 ||    74
       Trident           |       |    27 |   250 |       ||   277
       War axe           |       |       |    42 |   238 ||   280
Throw: Javelin           |     9 |     4 |    14 |       ||    27
       Stone             |     9 |       |       |       ||     9
       Boomerang         |       |       |    23 |     7 ||    30
       Throwing net      |       |       |       |     1 ||     1
 Cast: Pain              |     5 |       |       |       ||     5
Invok: Lunge             |       |       |     1 |    15 ||    16
       Whirlwind         |       |       |       |     5 ||     5
  Use: Potion            |       |       |     3 |     1 ||     4
       Scroll            |       |       |       |    17 ||    17
 Stab: Held in net/web   |       |       |       |     1 ||     1
Armor: Robe              |     2 |       |       |       ||     2
       Scale mail        |    13 |    18 |   117 |    56 ||   204
       Chain mail        |       |       |       |   110 ||   110
Dodge: Dodged            |    18 |    30 |   175 |   151 ||   374
Block: Kite shield       |       |       |       |    69 ||    69

Table legend: (Time is in decaauts)
 A = Elapsed time spent in this place.
 B = Non-inter-level travel time spent in this place.
 C = Inter-level travel time spent in this place.
 D = Time resting spent in this place.
 E = Time spent auto-exploring this place.
 F = Levels seen in this place.
 G = Mean time per level.
                   A        B        C        D        E       F      G
               +--------+--------+--------+--------+--------+-----+--------+
         Total |   8214 |   7582 |    632 |     21 |   5709 |  14 |  586.7 |
       Dungeon |   7746 |   7149 |    597 |     21 |   5294 |  12 |  645.5 |
        Temple |    295 |    261 |     34 |      0 |    260 |   1 |  295.0 |
      Gauntlet |    172 |    172 |      0 |      0 |    155 |   1 |  172.0 |
               +--------+--------+--------+--------+--------+-----+--------+

Top non-repeatable levels by time:
     D:5: 942 daAuts
    D:11: 846 daAuts
     D:3: 821 daAuts
     D:2: 747 daAuts
     D:9: 724 daAuts
     D:8: 689 daAuts
     D:6: 653 daAuts
    D:10: 621 daAuts
     D:4: 528 daAuts
     D:7: 476 daAuts
     D:1: 462 daAuts
  Temple: 295 daAuts
    D:12: 230 daAuts
Gauntlet: 172 daAuts
